AoeStats
← aka Frost1e

Fortress

510087063Analyzed
4v4 RM · 3d ago on Sep 29, 2026· 50m 1s· 8 players
Game mode
Random Map
Map size
Huge
Population
200
Speed
Normal
Resources
Standard
Victory
Conquest
Starting age
Dark Age
Ending age
Imperial Age
RankedLock teamsTeams togetherTeam positionsShared explorationLock speedFull tech treeHidden civsTurbo modeCheats
Victory
Defeat
🇨🇳 Franks · China
1440
+14
🇺🇸 Wu · United States
1421
+14
🇺🇦 Inca · Ukraine
1365
+17
🇹🇷 Byzantines · Türkiye
1342
+18
🇹🇼 Malay · Taiwan
1479
-20
🇨🇳 Teutons · China
1452
-18
🇹🇼 Chinese · Taiwan
1308
-13
🇨🇳 Gurjaras · China
1302
-12
A Mongolito
8:00 Feudal Age
9:03 Double-Bit Axe
11:40 Castle Age
9:44 Horse Collar
12:05 Fletching
12:44 Bow Saw
13:01 Bodkin Arrow
14:38 Loom
21:48 Wheelbarrow
26:29 Imperial Age
24:19 Padded Archer Armor
25:17 Ballistics
25:20 Leather Archer Armor
25:47 Gold Mining
26:03 Heavy Plow
26:29 Red Cliffs Tactics
27:23 Bracer
27:48 Conscription
29:28 Chemistry
28:42 Masonry
29:17 Treadmill Crane
31:49 Architecture
30:52 Elite Fire Archer
32:46 Hand Cart
33:00 Sitting Tiger
34:32 Pikeman
35:16 Squires
35:29 Halberdier
36:15 Scale Mail Armor
36:25 Forging
37:52 Chain Mail Armor
40:06 Plate Mail Armor
40:12 Iron Casting
45:17 Blast Furnace
46:07 Coinage
Frosty
8:09 Feudal Age
12:28 Castle Age
10:38 Horse Collar
11:30 Double-Bit Axe
14:20 Bow Saw
14:12 Heavy Plow
19:06 Loom
19:59 Wheelbarrow
22:06 Hand Cart
23:22 Gold Mining
23:25 Stone Mining
27:11 Imperial Age
25:57 Husbandry
26:48 Forging
26:44 Scale Barding Armor
27:22 Elite Cataphract
28:23 Conscription
28:48 Crop Rotation
29:19 Two-Man Saw
29:46 Iron Casting
29:32 Chain Barding Armor
31:03 Logistica
32:11 Hoardings
33:20 Plate Barding Armor
35:44 Gold Shaft Mining
35:46 Stone Shaft Mining
37:32 Pikeman
38:03 Gambesons
38:19 Squires
38:04 Arson
38:59 Scale Mail Armor
39:23 Guilds
40:22 Chain Mail Armor
39:35 Halberdier
45:42 Plate Mail Armor
47:08 Caravan
47:38 Coinage
48:09 Coinage
49:43 Fletching
51:02 Chemistry
50:23 Ballistics
49:44 Treadmill Crane
49:49 Arrowslits
50:15 Fortified Wall
aka Frost1e
8:04 Feudal Age
11:43 Castle Age
10:10 Double-Bit Axe
10:06 Horse Collar
10:44 Gold Mining
12:44 Bow Saw
20:15 Wheelbarrow
20:17 Stone Mining
22:24 Stone Shaft Mining
22:14 Hand Cart
22:54 Gold Shaft Mining
22:34 Heavy Plow
23:52 Loom
26:47 Imperial Age
24:30 Town Watch
25:00 Scale Mail Armor
25:10 Forging
25:39 Town Patrol
25:26 Champi Runner
26:06 Squires
25:52 Arson
26:53 Chain Mail Armor
27:14 Iron Casting
26:14 Champi Warrior
26:59 Pikeman
28:35 Crop Rotation
27:29 Elite Champi Warrior
28:13 Fabric Shields
28:34 Conscription
28:00 Halberdier
29:45 Plate Mail Armor
30:19 Blast Furnace
34:10 Caravan
44:51 Fletching
play for fun
7:00 Feudal Age
7:52 Town Watch
10:48 Castle Age
8:47 Double-Bit Axe
13:13 Loom
17:14 Wheelbarrow
18:47 Bow Saw
23:00 Fortified Wall
23:11 Ballistics
23:34 Forging
26:31 Imperial Age
24:58 Iron Casting
25:02 Masonry
25:26 Scale Mail Armor
27:11 Careening
27:08 Murder Holes
27:43 Hand Cart
28:02 Conscription
27:17 Pikeman
27:57 Squires
29:14 Chemistry
29:54 Hoardings
28:48 Halberdier
30:32 Chain Mail Armor
31:51 Blast Furnace
32:44 Plate Mail Armor
33:39 Fletching
36:56 Heavy Scorpion
41:01 Siege Engineers
43:12 Elite Skirmisher
44:43 Padded Archer Armor
47:39 Bodkin Arrow
48:17 Architecture
Tapioca
1:04 Loom
8:00 Feudal Age
12:03 Castle Age
9:58 Double-Bit Axe
10:04 Horse Collar
15:22 Bow Saw
15:55 Wheelbarrow
17:27 Fletching
18:57 Heavy Plow
19:23 Padded Archer Armor
20:00 Bodkin Arrow
20:23 Leather Archer Armor
20:33 Bodkin Arrow
22:34 Fortified Wall
23:01 Light Cavalry
23:52 Bloodlines
28:01 Imperial Age
25:45 Gold Mining
25:47 Stone Mining
27:24 Thumb Ring
27:22 Husbandry
27:28 Scale Barding Armor
28:01 Forging
28:55 Hand Cart
28:27 Capped Ram
29:59 Chain Barding Armor
30:12 Ring Archer Armor
30:05 Chain Barding Armor
31:44 Chemistry
30:56 Masonry
30:50 Bracer
31:32 Town Watch
elmor
7:26 Feudal Age
10:49 Castle Age
9:09 Double-Bit Axe
10:01 Loom
12:16 Bow Saw
12:26 Horse Collar
18:14 Forging
25:44 Imperial Age
25:00 Fletching
26:45 Wheelbarrow
25:33 Crossbowman
26:10 Bodkin Arrow
26:47 Ballistics
27:56 Chemistry
27:40 Bracer
27:52 Arbalester
29:07 Padded Archer Armor
29:45 Thumb Ring
32:49 Conscription
36:34 Hand Cart
37:01 Masonry
37:14 Leather Archer Armor
37:05 Scale Barding Armor
38:15 Capped Ram
39:06 Husbandry
39:45 Iron Casting
40:56 Gold Mining
42:38 Guilds
42:40 Elite Battle Elephant
48:08 Forced Levy
47:39 Man-at-Arms
48:20 Squires
48:56 Long Swordsman
49:34 Two-Handed Swordsman
51:17 Blast Furnace
姬七兮
8:08 Feudal Age
7:23 Loom
9:06 Double-Bit Axe
9:44 Horse Collar
12:09 Castle Age
14:35 Bow Saw
16:11 Heavy Plow
18:02 Wheelbarrow
20:28 Gold Mining
24:27 Imperial Age
22:12 Scale Barding Armor
22:17 Forging
22:53 Bloodlines
24:00 Forging
24:59 Chain Barding Armor
24:39 Town Watch
25:10 Hand Cart
24:46 Cavalier
25:49 Conscription
27:00 Chemistry
27:39 Plate Barding Armor
27:52 Town Patrol
28:23 Paladin
31:24 Iron Casting
33:36 Blast Furnace
35:55 Fletching
36:43 Hoardings
36:38 Bodkin Arrow
38:59 Crenellations
44:45 Guilds
44:36 Caravan
44:49 Squires
45:16 Pikeman
45:58 Scale Mail Armor
46:33 Halberdier
48:52 Chain Mail Armor
50:19 Plate Mail Armor
vzjkfsa
6:32 Feudal Age
8:20 Loom
11:08 Castle Age
9:27 Double-Bit Axe
10:03 Horse Collar
11:36 Wheelbarrow
13:10 Bow Saw
19:26 Gold Mining
19:26 Stone Mining
19:38 Heavy Plow
22:01 Hand Cart
21:32 Town Watch
25:33 Imperial Age
24:23 Scale Barding Armor
24:28 Forging
24:59 Husbandry
25:09 Bloodlines
25:25 Kshatriyas
25:54 Chain Barding Armor
26:59 Crop Rotation
27:10 Conscription
27:36 Iron Casting
28:18 Plate Barding Armor
27:42 Heavy Camel Rider
35:57 Siege Elephant
38:50 Heavy Scorpion
42:13 Chemistry
42:04 Light Cavalry
43:49 Ballistics
44:57 Caravan
44:46 Hussar
Connection lost

Rejoining the realm…

Still unreachable

The connection could not be restored.

Session expired

The server has moved on; the page needs a fresh start.